 Dungeon Crawl Stone Soup version 0.32-a0-928-g1cae6b7ea0 (webtiles) character file.

Game seed: 15349918675411128746

8733 bananaken the Destroyer (level 11, -9/63 HPs)
             Began as a Gargoyle Fire Elementalist on Apr 12, 2024.
             Was a Believer of Vehumet.
             Mangled by a komodo dragon (23 damage)
             ... on level 1 of the Lair of Beasts.
             The game lasted 00:36:24 (11288 turns).

bananaken the Destroyer (GrFE)                     Turns: 11288, Time: 00:36:24

Health: -9/63      AC: 18    Str: 12    XL:     11   Next: 35%
Magic:  6/22       EV: 10    Int: 18    God:    Vehumet [**....]
Gold:   994        SH:  0    Dex:  9    Spells: 4/16 levels left

rFire   . . .        m - +5 short sword of Delightful Expedience {speed, rPois Will++ MP+9 Dex-5}
rCold   + . .        (no shield)
rNeg    + . .        a - +0 robe
rPois   ∞            D - +1 helmet
rElec   +            q - +2 cloak {rCorr}
rCorr   +            c - +0 pair of gloves
SInv    .            (no boots)
Will    +++..        (no amulet)
Stlth   ++           o - ring of willpower
HPRegen 0.30/turn    i - ring of wizardry
MPRegen 0.18/turn

%: wizardry (x1)
@: on blink cooldown
A: sickness immunity, AC +8, negative energy resistance 1, electricity
resistance, torment resistance 1, petrification resistance, iridescent scales 1,
agile 1, cold resistance 1, low MP 1
a: Renounce Religion


You were on level 1 of the Lair of Beasts.
You worshipped Vehumet.
Vehumet was pleased with you.
You visited 3 branches of the dungeon, and saw 12 of its levels.

You collected 1436 gold pieces.
You spent 442 gold pieces at shops.

Inventory:

Hand Weapons
 m - the +5 short sword of Delightful Expedience (weapon) {speed, rPois Will++ MP+9 Dex-5}
   (You found it on level 5 of the Dungeon)

   Dex-5:     It affects your dexterity (-5).
   rPois:     It protects you from poison.
   Will++:    It greatly increases your willpower.
   MP+9:      It affects your magic capacity (+9).
 n - the +7 broad axe of the Allies {flame, rF++ rC+ Str-5 Dex+3}
   (You bought it in a shop on level 8 of the Dungeon)

   Str-5:     It affects your strength (-5).
   Dex+3:     It affects your dexterity (+3).
   rF++:      It greatly protects you from fire.
   rC+:       It protects you from cold.
Missiles
 g - 2 curare-tipped darts
 p - 28 poisoned darts (quivered)
 t - a throwing net
Armour
 a - a +0 robe (worn)
 c - a +0 pair of gloves (worn)
 h - an orb of energy
 q - a +2 cloak of preservation (worn)
 D - a +1 helmet (worn)
Jewellery
 i - a ring of wizardry (right hand)
 o - a ring of willpower (left hand)
 E - a ring of fire
Wands
 e - a wand of quicksilver (7)
 K - a wand of mindburst (9)
Scrolls
 d - a scroll of noise
 f - a scroll of immolation
 k - 3 scrolls of enchant armour
 l - a scroll of enchant weapon
 s - 3 scrolls of identify
 x - 2 scrolls of vulnerability
 z - a scroll of torment {unknown}
 A - a scroll of amnesia {unknown}
 B - 7 scrolls of teleportation {unknown}
 C - 2 scrolls of fear {unknown}
 G - a scroll of brand weapon {unknown}
Potions
 b - 3 potions of magic
 j - 3 potions of might
 v - a potion of resistance
 w - a potion of haste {unknown}
 H - a potion of enlightenment {unknown}
 I - a potion of attraction {unknown}
 J - 3 potions of heal wounds {unknown}


   Skills:
 - Level 5.0 Fighting
 + Level 6.9(7.0) Short Blades
 - Level 1.7(4.7) Long Blades
 - Level 3.1 Staves
 - Level 1.5 Dodging
 - Level 2.1 Stealth
 - Level 3.0 Spellcasting
 + Level 9.7 Conjurations
 + Level 5.9 Translocations
 + Level 9.4 Fire Magic


You had 4 spell levels left.
You knew the following spells:

 Your Spells              Type           Power      Damage    Failure   Level
a - Foxfire               Conj/Fire      100%       2x1d9     1%          1
b - Scorch                Fire           72%        2d8       1%          2
c - Flame Wave            Conj/Fire      37%        2d10      1%          4
d - Blink                 Tloc           48%        N/A       1%          2
e - Volatile Blastmotes   Fire/Tloc      60%        2d15      1%          3

Your spell library contained the following spells:

 Spells                   Type           Power      Damage    Failure   Level
 Mercury Vapours          Alch/Air       4%         N/A       10%         2
 Magic Dart               Conj           100%       1d8       1%          1
 Hailstorm                Conj/Ice       20%        3d7       2%          3
 Inner Flame              Hex/Fire       19%        N/A       2%          3
 Freeze                   Ice            8%         1d3       6%          1
 Call Imp                 Summ           4%         N/A       10%         2
 Frozen Ramparts          Ice            4%         1d1       19%         3


Dungeon Overview and Level Annotations

Branches:
Dungeon (10/15)            Temple (1/1) D:6            Lair (1/5) D:10
    Orc: D:9-12

Altars:
Ashenzari
Cheibriados
Dithmenos
Elyvilon
Fedhas
Gozag
Hepliaklqana
Kikubaaqudgha
Makhleb
Nemelex Xobeh
Okawaru
Qazlal
Ru
Sif Muna
Trog
Uskayaw
Vehumet
Wu Jian
Xom
Yredelemnul
Zin
The Shining One

Shops:
D:8 (


Innate Abilities, Weirdness & Mutations

You are immune to sickness and miasma.
Your stone body is resilient. (AC +8)
You are immune to poison.
You resist negative energy. (rN+)
You are resistant to electric shocks. (rElec)
You are resistant to unholy torment.
You are immune to petrification.
You are partially covered in iridescent scales. (AC +2)
You are agile. (Dex +4, Str/Int -1)
Your flesh is cold resistant. (rC+)
Your magical capacity is low. (-10% MP)


Message History

Unknown command.
A wave of flame ripples out!
The flame wave engulfs the yak!
You kill the yak!
Vehumet accepts your kill.
The flame wave engulfs the yak!
You kill the yak!
Vehumet accepts your kill.
The flame wave engulfs the cane toad!
The cane toad is lightly wounded.
You finish channelling waves of flame.
Unknown command.
Unknown command.
Casting: Flame Wave (dangerous; 1% risk of failure)
Confirm with . or Enter, or press ? or * to list all spells.
Flames lash the cane toad.
The cane toad is moderately wounded.
The cane toad's fire resistance burns away.
The cane toad stings you!
Unknown command.
Unknown command.
The cane toad stings you!
* * * LOW HITPOINT WARNING * * *
Okay, then.
You feel better.
The cane toad stings you but does no damage.
Casting: Scorch (safe; 1% risk of failure)
Confirm with . or Enter, or press ? or * to list all spells.
You blink.
A komodo dragon comes into view.
The komodo dragon hisses angrily.
The cane toad is no longer more vulnerable to fire.
The komodo dragon bites you!!
* * * LOW HITPOINT WARNING * * *
Unknown command.
The cane toad attacks as it pursues you!
The cane toad stings you but does no damage.
You feel better.
The cane toad stings you but does no damage.
The komodo dragon bites you!!
You die...

#.†## #.## #..#
#.# #..## #.##
#...# #..#
##.'## #.##
#...#########.#
#.♣...........#
#...##..(...lF.#
#... ##....@..#
...## #.......#
...## #.......#
...# ..........#
(.♣. +##..$....#
..........
##.####P#..^ #.
###....


You could see a komodo dragon and a cane toad.

Vanquished Creatures
  A two-headed ogre (D:8)
  Urug (D:10)
  Pikel (D:6)
  A cane toad (Lair:1)
  2 kobold demonologists
  2 komodo dragons (D:10)
  2 blink frogs (Lair:1)
  A shadow (D:9)
  2 wyverns (D:10)
  7 yaks
  A basilisk (D:10)
  2 steam dragons
  A water moccasin (D:6)
  A swamp drake (Lair:1)
  3 orc warriors
  2 black bears
  2 ice beasts
  3 centaurs
  An ogre (D:4)
  A lemure (D:6)
  3 kobold brigands
  3 bullfrogs
  3 scorpions
  Dowan (D:4)
  14 killer bees
  2 howler monkeys
  4 bombardier beetles
  2 gnoll boudas
  2 hounds
  10 orc priests
  Crazy Yiuf (D:2)
  Ijyb (D:4)
  2 iguanas (D:4)
  3 sleepcaps
  7 orc wizards
  2 hound zombies (D:3)
  8 gnolls
  7 adders
  A shadow imp (D:8)
  2 white imps
  2 ufetubi (D:5)
  3 adder skeletons (D:3)
  An adder zombie (D:3)
  A dart slug (D:2)
  2 ribbon worms (D:2)
  27 orcs
  4 endoplasms
  A giant cockroach (D:1)
  5 goblins
  5 hobgoblins
  18 kobolds
  4 quokkas
  11 ball pythons
  2 bats
  5 rats
206 creatures vanquished.

Vanquished Creatures (others)
  A bullfrog (D:7)
  172 foxfires
173 creatures vanquished.

Grand Total: 379 creatures vanquished

Notes
Turn   | Place    | Note
-------+----------+-------------------------------------------
     0 | D:1      | bananaken the Gargoyle Fire Elementalist began the quest
                  | for the Orb.
     0 | D:1      | Reached XP level 1. HP: 10/10 MP: 3/3
   422 | D:1      | Reached XP level 2. HP: 15/15 MP: 1/5
   739 | D:2      | Learned a level 2 spell: Scorch
   775 | D:2      | Found a runed translucent door.
   776 | D:2      | Noticed Crazy Yiuf
   991 | D:2      | Reached XP level 3. HP: 20/20 MP: 2/6
  1033 | D:2      | Found a sparkling altar of Nemelex Xobeh.
  1169 | D:2      | Reached skill level 1 in Fighting
  1169 | D:2      | Reached skill level 1 in Short Blades
  1169 | D:2      | Reached XP level 4. HP: 25/25 MP: 0/7
  1292 | D:2      | Noticed a scorpion
  1298 | D:2      | Killed a scorpion
  1299 | D:2      | Reached XP level 5. HP: 23/30 MP: 2/9
  1384 | D:2      | Found a faded altar of an unknown god.
  1664 | D:2      | Killed Crazy Yiuf
  1912 | D:3      | Learned a level 4 spell: Flame Wave
  1947 | D:3      | Found a hide-covered altar of Uskayaw.
  1991 | D:3      | Reached XP level 6. HP: 36/36 MP: 10/10
  2180 | D:3      | Reached skill level 1 in Staves
  2820 | D:4      | Reached XP level 7. HP: 41/41 MP: 5/11
  2991 | D:4      | Found an ornate altar of the Wu Jian Council.
  3286 | D:4      | Noticed Ijyb
  3288 | D:4      | Paralysed by Ijyb for 5 turns
  3297 | D:4      | Killed Ijyb
  3578 | D:4      | Noticed Duvessa
  3579 | D:4      | Noticed Dowan
  3591 | D:4      | Gained mutation: Potions are less effective at restoring
                  | your health. [potion of mutation]
  3591 | D:4      | Gained mutation: You are dopey. (Int -2) [potion of
                  | mutation]
  3592 | D:4      | Lost mutation: You are dopey. (Int -2) [potion of mutation]
  3592 | D:4      | Lost mutation: Potions are less effective at restoring your
                  | health. [potion of mutation]
  3592 | D:4      | Gained mutation: You have a pair of small horns on your
                  | head. [potion of mutation]
  3592 | D:4      | Gained mutation: Your magical capacity is low. (-10% MP)
                  | [potion of mutation]
  3592 | D:4      | Gained mutation: You are strong-willed. (Will+) [potion of
                  | mutation]
  3593 | D:4      | Killed Dowan
  3606 | D:4      | Duvessa changed into Duvessa the steam dragon
  3606 | D:4      | Noticed Duvessa
  3611 | D:4      | HP: 1/42 [Duvessa the steam dragon (7)]
  3613 | D:4      | Killed Duvessa the steam dragon
  3614 | D:4      | Reached skill level 5 in Fire Magic
  3919 | D:5      | Entered Level 5 of the Dungeon
  3923 | D:5      | Learned a level 2 spell: Blink
  4031 | D:4      | Identified the +5 long sword of Situhem {freeze, Will-
                  | Str+3}
  4060 | D:5      | Reached XP level 8. HP: 36/48 MP: 4/11
  4242 | D:5      | Reached skill level 1 in Long Blades
  4296 | D:5      | Identified the +5 short sword of Delightful Expedience
                  | {speed, rPois Will++ MP+9 Dex-5}
  4583 | D:5      | Reached skill level 5 in Conjurations
  4777 | D:6      | Found a staircase to the Ecumenical Temple.
  4783 | Temple   | Entered the Ecumenical Temple
  4789 | Temple   | Became a worshipper of Vehumet
  4952 | D:6      | Found an ancient bone altar of Kikubaaqudgha.
  5234 | D:6      | Reached skill level 5 in Fighting
  5609 | D:6      | Reached XP level 9. HP: 40/54 MP: 12/12
  5995 | D:6      | Noticed Pikel
  6011 | D:6      | Killed Pikel
  6012 | D:6      | Reached skill level 1 in Translocations
  6909 | D:7      | Reached * piety under Vehumet
  6909 | D:7      | Offered knowledge of Kiss of Death by Vehumet.
  7340 | D:8      | Found a shimmering blue altar of Sif Muna.
  7351 | D:8      | Found Eficynab's Antique Weapon Boutique.
  7356 | D:8      | Bought a scorched falchion for 208 gold pieces
  7356 | D:8      | Identified the +1 falchion "Giedd" {pain, rPois} (You
                  | bought it in a shop on level 8 of the Dungeon)
  7443 | D:8      | Found a broken altar of Ashenzari.
  7909 | D:8      | Noticed a two-headed ogre
  7914 | D:8      | Reached XP level 10. HP: 59/59 MP: 13/13
  7919 | D:8      | Killed a two-headed ogre
  7920 | D:8      | Reached skill level 5 in Short Blades
  8162 | D:9      | Found a burning altar of Makhleb.
  8521 | D:9      | Learned a level 3 spell: Volatile Blastmotes
  8618 | D:9      | Noticed a kobold demonologist
  8627 | D:9      | Killed a kobold demonologist
  8793 | D:9      | Found a shimmering altar of Xom.
  9418 | D:10     | Entered Level 10 of the Dungeon
  9779 | D:10     | Noticed Urug
  9798 | D:10     | Killed Urug
  9799 | D:10     | Reached skill level 5 in Translocations
 10028 | D:10     | Noticed a kobold demonologist
 10035 | D:10     | Noticed a sun demon
 10044 | D:10     | Killed a kobold demonologist
 10044 | D:10     | Offered knowledge of Mercury Vapours by Vehumet.
 10046 | D:10     | Reached XP level 11. HP: 55/63 MP: 8/13
 10046 | D:10     | Reached ** piety under Vehumet
 10470 | D:10     | Lost mutation: You are strong-willed. (Will+) [potion of
                  | mutation]
 10470 | D:10     | Lost mutation: You have a pair of small horns on your head.
                  | [potion of mutation]
 10470 | D:10     | Gained mutation: You are partially covered in iridescent
                  | scales. (AC +2) [potion of mutation]
 10470 | D:10     | Gained mutation: Your flesh is cold resistant. (rC+)
                  | [potion of mutation]
 10470 | D:10     | Gained mutation: You are agile. (Dex +4, Str/Int -1)
                  | [potion of mutation]
 10676 | D:5      | Identified a scroll of acquirement
 10750 | D:8      | Bought an ivory broad axe for 234 gold pieces
 10750 | D:8      | Identified the +7 broad axe of the Allies {flame, rF++ rC+
                  | Str-5 Dex+3} (You bought it in a shop on level 8 of the
                  | Dungeon)
 10754 | D:8      | Acquired 802 gold pieces
 10928 | D:10     | Found a staircase to the Lair.
 10958 | Lair:1   | Entered Level 1 of the Lair of Beasts
 11288 | Lair:1   | Mangled by a komodo dragon

Illustrated notes

Levels and vault maps discovered:
D:1:      lightli_arrival_statuegarden, layout_basic, feat_on_display
D:2:      layout_basic, basic_altar, hellmonk_ecumenical_altar_inner_sanctum,
          uniq_crazy_yiuf_cottage
D:3:      layout_basic, nicolae_uskayaw_murder_on_the_dancefloor, serial_undead,
          serial_undead_b, serial_undead_d, serial_undead_b, serial_undead_f,
          minmay_ruptured
D:4:      layout_loops_ring, nicolae_wu_jian_glorious_leap, uniq_ijyb,
          uniq_duvessa
D:5:      layout_rooms, serial_corexii_hall, corexii_hall_statues_l,
          corexii_hall_statues_l
D:6:      layout_loops_corners, mainiacjoe_overflow_alcove_4,
          minmay_temple_entry_waves, nicolae_hexahallways, uniq_pikel
D:7:      layout_loops_cross, minmay_holes, minmay_fountain_box
D:8:      layout_basic, ashenzari_conservatory_becter,
          hellmonk_sif_muna_bookshelves, serial_shops, shop,
          kennysheep_generic_room_10
D:9:      layout_basic, marbit_many_paths, mainiacjoe_overflow_small_starburst,
          chequers_serial_rivers_large_a
D:10:     layout_gridville, erik_lair_dragon, st_stairs_5, uniq_urug
Temple:   hellmonk_temple_two_chambers
Lair:1:   layout_chaotic_city, serial_bayou_shore_b, grunt_megastairs_4

Skill      XL: |  1  2  3  4  5  6  7  8  9 10 11 |
---------------+----------------------------------+-----
Conjurations   | 2 3 4 6 7 9 |  9.7
Fighting       | 1 2 3 4 5 |  5.0
Short Blades   | 1 3 4 6 |  6.9
Spellcasting   | 3 |  3.0
Fire Magic     | 4 5 6 7 8 9 |  9.4
Staves         | 2 3 |  3.1
Long Blades    | 1 |  1.7
Translocations | 3 5 |  5.9
Dodging        | |  1.5
Stealth        | |  2.1

Action                     |  1- 3 |  4- 6 |  7- 9 | 10-12 || total
---------------------------+-------+-------+-------+-------++-------
  Melee: Unarmed           |     9 |       |       |       ||     9
         Short sword       |    20 |     1 |    45 |    34 ||   100
         Quarterstaff      |       |   100 |    57 |       ||   157
         Headbutt          |       |       |    14 |     2 ||    16
         Long sword        |       |       |     7 |       ||     7
  Throw: Dart              |       |       |       |     2 ||     2
   Cast: Foxfire           |    27 |    13 |    48 |    22 ||   110
         Scorch            |     3 |    17 |    73 |    54 ||   147
         Blink             |       |       |     2 |     3 ||     5
         Flame Wave        |       |       |     9 |     9 ||    18
         Volatile Blastmot |       |       |       |    28 ||    28
  Evoke: Wand              |       |       |     3 |       ||     3
    Use: Potion            |     1 |       |     8 |     5 ||    14
         Scroll            |       |       |       |    10 ||    10
   Stab: Sleeping          |     2 |       |     5 |       ||     7
         Petrified         |       |     2 |     3 |       ||     5
         Petrifying        |       |       |     1 |       ||     1
 Armour: Robe              |    25 |    80 |   138 |    98 ||   341
  Dodge: Dodged            |    23 |    95 |    89 |    57 ||   264

Table legend: (Time is in decaauts)
 A = Elapsed time spent in this place.
 B = Non-inter-level travel time spent in this place.
 C = Inter-level travel time spent in this place.
 D = Time resting spent in this place.
 E = Time spent auto-exploring this place.
 F = Levels seen in this place.
 G = Mean time per level.
                   A        B        C        D        E       F      G
               +--------+--------+--------+--------+--------+-----+--------+
         Total |  11320 |  10742 |    578 |   2809 |   6260 |  12 |  943.3 |
       Dungeon |  11048 |  10470 |    578 |   2655 |   6212 |  10 | 1104.8 |
        Temple |     13 |     13 |      0 |      0 |      0 |   1 |   13.0 |
          Lair |    258 |    258 |      0 |    154 |     48 |   1 |  258.0 |
               +--------+--------+--------+--------+--------+-----+--------+

Top non-repeatable levels by time:
     D:6: 1581 daAuts
     D:4: 1578 daAuts
     D:9: 1334 daAuts
    D:10: 1332 daAuts
     D:2: 1045 daAuts
     D:7: 1017 daAuts
     D:8: 991 daAuts
     D:3: 736 daAuts
     D:1: 717 daAuts
     D:5: 712 daAuts
  Lair:1: 258 daAuts
  Temple: 13 daAuts
